 Dungeon Crawl Stone Soup version 0.18-a0-1800-gdc7a371 (webtiles) character file.

1600 TheGoonsmith the Conjurer (level 8, 0/43 HPs)
             Began as a Deep Elf Wizard on Apr 25, 2016.
             Was a Follower of Vehumet.
             Killed from afar by an electric eel (8 damage)
             ... with a bolt of electricity
             ... on level 6 of the Dungeon.
             The game lasted 00:23:57 (7063 turns).

TheGoonsmith the Conjurer (Deep Elf Wizard)         Turns: 7063, Time: 00:23:59

Health: 0/43       AC:  8    Str:  4    XL:     8   Next: 62%
Magic:  12/19      EV: 15    Int: 24    God:    Vehumet [*.....]
Gold:   243        SH:  0    Dex: 15    Spells: 6 memorised, 7 levels left

rFire  . . .     SeeInvis +     D - +3 mace of Blood {crush, *Corrode rC+ rN++ Stlth+}
rCold  + + .     Gourm    .     A - +2 leather armour {rC+}
rNeg   + + +     Faith    .     (no shield)
rPois  .         Spirit   .     b - +0 hat
rElec  .         Dismiss  .     E - +0 cloak
rCorr  .         Reflect  .     B - +1 pair of gloves
SustAt .         Harm     .     (no boots)
MR     .....                    (no amulet)
Stlth  ++++......               P - ring of Shadows {Umbra +Inv rN+ SInv}
                                q - +1 ring of evasion

@: very slightly contaminated, wreathed by umbra, repel missiles, not resistant
to hostile enchantments, stealthy
A: no striking features
a: Renounce Religion, Evoke Invisibility


You were on level 6 of the Dungeon.
You worshipped Vehumet.
Vehumet was aware of your devotion.
You were hungry.

You visited 1 branch of the dungeon, and saw 6 of its levels.

You collected 243 gold pieces.

Inventory:

Hand Weapons
 h - a +1 short sword
 D - the +3 mace of Blood (weapon) {crush, *Corrode rC+ rN++ Stlth+}
   (You found it on level 5 of the Dungeon)

   It inflicts extra damage upon your enemies.
   It protects you from cold.
   It greatly protects you from negative energy.
   It may corrode you when you take damage.
   It makes you more stealthy.
Armour
 a - a +0 robe
 b - a +0 hat (worn)
 A - a +2 leather armour of cold resistance (worn)
 B - a +1 pair of gloves (worn)
 E - a +0 cloak (worn)
 H - the +1 robe of Rolo {rCorr Str+2}
   (You found it on level 5 of the Dungeon)

   It affects your strength (+2).
   It protects you from acid and corrosion.
Jewellery
 q - a +1 ring of evasion (left hand)
 y - an uncursed ring of sustain attributes
 I - the ring of Lady Luck {Ice rN+}
   (You found it on level 5 of the Dungeon)

   [ring of ice]

   It enhances your ice magic, and weakens your fire magic.
   It makes you vulnerable to fire.
   It protects you from cold.
   It protects you from negative energy.
 P - the ring of Shadows (right hand) {Umbra +Inv rN+ SInv}
   (You found it on level 6 of the Dungeon)

   [ring of positive energy]

   It protects you from negative energy.
   It lets you see invisible.
   It lets you turn invisible.
Wands
 g - a wand of flame (36/48)
 o - a wand of flame (36/48)
 p - a wand of enslavement (5/24)
 v - a wand of acid (11/15)
Scrolls
 e - 5 scrolls of remove curse
 i - 2 scrolls of fog
 j - 2 scrolls of enchant weapon
 l - 2 scrolls of amnesia
 t - 2 scrolls of fear {unknown}
 C - 2 scrolls of identify
 L - a scroll of blinking
 M - a scroll of recharging
 N - a scroll of enchant armour {unknown}
 O - a scroll of immolation {unknown}
Potions
 k - a potion of might {unknown}
 m - a potion of lignification {unknown}
 n - 4 potions of curing
 r - 3 potions of heal wounds
 w - a potion of beneficial mutation {unknown}
 x - a potion of berserk rage {unknown}
 z - 2 potions of mutation
 F - 2 potions of flight {unknown}
 G - a potion of cure mutation {unknown}
 J - a potion of agility {unknown}
 K - 2 potions of degeneration {unknown}
Books
 c - a book of Minor Magic

   Spells                             Type                      Level
   a - Magic Dart                     Conjuration                  1
   b - Blink                          Translocation                2
   c - Call Imp                       Summoning                    2
   d - Repel Missiles                 Charms/Air                   2
   e - Slow                           Hexes                        2
   f - Conjure Flame                  Conjuration/Fire             3
   g - Mephitic Cloud                 Conjuration/Poison/Air       3
Comestibles
 d - 3 bread rations
 f - 4 meat rations
 s - a beef jerky
 u - 3 fruits


   Skills:
 - Level 1.0 Fighting
 - Level 5.5 Dodging
 - Level 2.4 Stealth
 - Level 6.0 Spellcasting
 + Level 6.4 Conjurations
 - Level 5.1 Charms
   Level 1.1 Summonings
 - Level 3.7 Translocations
 - Level 2.6 Fire Magic
 - Level 3.3 Air Magic
 - Level 3.0 Poison Magic


You had 7 spell levels left.
You knew the following spells:

 Your Spells              Type           Power        Failure   Level  Hunger
a - Magic Dart            Conj           ####         1%          1    None
b - Blink                 Tloc           N/A          6%          2    None
c - Conjure Flame         Conj/Fire      ####....     8%          3    #......
d - Sting                 Conj/Pois      ####         1%          1    None
r - Repel Missiles        Chrm/Air       ####..       4%          2    None
x - Mephitic Cloud        Conj/Pois/Air  ####....     10%         3    #......


Dungeon Overview and Level Annotations

Branches:
Dungeon (6/15)             Temple (0/1) D:5

Altars:
Cheibriados
Nemelex Xobeh
Vehumet

Shops:
D:5 :


Message History

The bolt of electricity hits you!
Casting: Magic Dart
Confirm with . or Enter, or press ? or * to list all spells.
You can't see any susceptible monsters within range! (Use Z to cast anyway.)
You see here a dagger.
Casting: Magic Dart
Confirm with . or Enter, or press ? or * to list all spells.
Aiming: Mephitic Cloud
Press: ? - help, Shift-Dir - straight line The ball explodes into a vile cloud!
The stinking cloud engulfs the electric eel.
The electric eel is severely wounded.
Unknown command.
The electric eel shoots out a bolt of lightning at you!
The bolt of electricity hits the electric eel.
The electric eel completely resists.
The bolt of electricity hits you!
* * * LOW HITPOINT WARNING * * *
The electric eel shoots out a bolt of lightning at you!
The bolt of electricity hits you!
You die...

##'###o.## ..o.# ..# ###..≈≈≈≈..
....# ... #....≈≈≈≈. ....# ....
#....≈;≈≈. ...§# .... ....§;≈≈.
....######.. #..§§≈≈≈.≈≈ .###.
##.....#######..$§...... ....
.#.....#....#....+...... #...
[#.....#....'...@#....# #...
.#.....#....#...)#....# #...
.'.)...#....####'#....# #...
##.....#....#.....)...# #...
...#'###....#.........########...
...#..##....#.....#'###..#.....##
...#...'....#<....#......#.....#.
...#..##....#[....#......#.....#.
...##########.....######'#.....##


You could see 2 electric eels.

Vanquished Creatures
  The ghost of TheGoonsmith the Magician, a novice DEWz of Vehumet (D:5)
  Menkaure (D:4)
  An orc warrior (D:5)
  A phantom (D:5)
  An ogre (D:6)
  A centaur (D:5)
  A scorpion (D:5)
  A howler monkey (D:4)
  3 hounds
  3 jellies (D:5)
  Crazy Yiuf (D:5)
  2 orc priests (D:4)
  6 orc wizards
  Jessica (D:3)
  Ijyb (D:3)
  Natasha (D:3)
  3 worker ants
  A hound zombie (D:5)
  4 adders
  4 gnolls (D:2)
  3 oozes
  9 worms
  A dart slug (D:1)
  3 giant geckos
  13 orcs
  6 bats
  4 giant cockroaches
  8 goblins
  11 hobgoblins
  5 jackals (D:3)
  9 kobolds
  2 quokkas
  2 ball pythons
  A giant gecko zombie (D:5)
  5 giant newts
  9 rats
129 creatures vanquished.

Notes
Turn   | Place    | Note
--------------------------------------------------------------
     0 | D:1      | TheGoonsmith the Deep Elf Wizard began the quest for the Orb.
     0 | D:1      | Reached XP level 1. HP: 10/10 MP: 7/7
   141 | D:1      | Reached XP level 2. HP: 3/15 MP: 1/9
   395 | D:1      | Learned a level 2 spell: Blink
   837 | D:1      | Reached XP level 3. HP: 19/19 MP: 4/11
   896 | D:1      | Learned a level 3 spell: Conjure Flame
   900 | D:1      | Learned a level 3 spell: Mephitic Cloud
   903 | D:1      | Learned a level 2 spell: Repel Missiles
  1056 | D:1      | Reached skill level 5 in Spellcasting
  1493 | D:2      | Reached XP level 4. HP: 24/24 MP: 0/13
  2373 | D:3      | Reached XP level 5. HP: 28/28 MP: 8/15
  2491 | D:3      | Noticed Jessica
  2502 | D:3      | Killed Jessica
  2700 | D:3      | Noticed Ijyb
  2722 | D:3      | Killed Ijyb
  2722 | D:3      | Reached skill level 5 in Conjurations
  3124 | D:3      | Noticed Natasha
  3133 | D:3      | Killed Natasha
  3717 | D:4      | Noticed Menkaure
  3726 | D:4      | Killed Menkaure
  3726 | D:4      | Reached XP level 6. HP: 13/32 MP: 9/17
  3914 | D:4      | Found a radiant altar of Vehumet.
  3924 | D:4      | Became a worshipper of Vehumet
  3983 | D:4      | Reached skill level 5 in Dodging
  4052 | D:4      | Reached skill level 1 in Fighting
  4316 | D:4      | Reached skill level 1 in Charms
  4316 | D:4      | Reached skill level 1 in Air Magic
  4316 | D:4      | Reached XP level 7. HP: 28/38 MP: 10/18
  4817 | D:5      | Entered Level 5 of the Dungeon
  4926 | D:5      | Found a snail-covered altar of Cheibriados.
  4948 | D:5      | Noticed TheGoonsmith's ghost (novice DEWz)
  4959 | D:5      | Killed TheGoonsmith's ghost
  4967 | D:5      | Reached skill level 5 in Charms
  5141 | D:5      | Got an iridescent mace
  5146 | D:5      | Noticed Crazy Yiuf
  5157 | D:5      | Killed Crazy Yiuf
  5157 | D:5      | Reached * piety under Vehumet
  5157 | D:5      | Offered knowledge of Sting by Vehumet.
  5157 | D:5      | Reached skill level 1 in Fire Magic
  5239 | D:5      | Identified the +3 mace of Blood {crush, *Corrode rC+ rN++ Stlth+} (You found it on level 5 of the Dungeon)
  5288 | D:5      | Found a staircase to the Ecumenical Temple.
  5351 | D:5      | Found Zavuigeh's Book Emporium.
  5408 | D:5      | Got a thick robe
  5419 | D:5      | Identified the +1 robe of Rolo {rCorr Str+2} (You found it on level 5 of the Dungeon)
  5481 | D:5      | Got a wavering platinum ring
  5548 | D:5      | Reached XP level 8. HP: 43/43 MP: 14/19
  5609 | D:5      | Reached skill level 1 in Poison Magic
  5866 | D:6      | Found a sparkling altar of Nemelex Xobeh.
  5910 | D:6      | Learned a level 1 spell: Sting
  6736 | D:6      | Identified the ring of Lady Luck {Ice rN+} (You found it on level 5 of the Dungeon)
  7063 | D:6      | Killed from afar by an electric eel

Vault maps used:
D:1:      eino_arrival_cavern_b
D:3:      uniq_jessica, uniq_natasha, uniq_iyjb
D:4:      vehumet_altar_wand_db, first_bread, uniq_menkaure
D:5:      slow_altar_1, minmay_temple_entry_enclosed_plants, serial_shops,
          nicolae_shop_statue_plus, uniq_crazy_yiuf_cottage
D:6:      lemuel_crystal_altar, minivault_14, amalloy_card_club

Skill      XL: |  1  2  3  4  5  6  7  8 |
---------------+-------------------------+-----
Conjurations   | 2 3 4 5 6 |  6.4
Spellcasting   | 5 6 |  6.0
Dodging        | 4 5 |  5.5
Fighting       | 1 |  1.0
Charms         | 1 5 |  5.1
Air Magic      | 1 3 |  3.3
Fire Magic     | 2 |  2.6
Poison Magic   | 3 |  3.0
Translocations | 3 |  3.7
Stealth        | |  2.4
Summonings     | |  1.1

Action                   |  1- 3 |  4- 6 |  7- 9 || total
-------------------------+-------+-------+-------++-------
Melee: Short sword       |     7 |     1 |     3 ||    11
       Mace              |       |       |    13 ||    13
 Cast: Magic Dart        |    85 |   164 |   173 ||   422
       Repel Missiles    |       |     1 |     1 ||     2
       Conjure Flame     |       |       |     4 ||     4
       Mephitic Cloud    |       |       |     9 ||     9
       Sting             |       |       |     5 ||     5
       Blink             |       |       |     1 ||     1
  Use: Scroll            |       |    11 |       ||    11
 Stab: Confused          |       |       |     4 ||     4
  Eat: Chunk             |     2 |     5 |     5 ||    12
       Bread ration      |       |     1 |       ||     1
       Beef jerky        |       |       |     1 ||     1
Armor: Robe              |     6 |       |       ||     6
       Leather armour    |       |     1 |    13 ||    14
Dodge: Dodged            |    15 |    17 |    33 ||    65
       Deflected         |       |       |     4 ||     4
